 Dungeon Crawl Stone Soup version 0.22.1-2-g9c5b331383 (webtiles) character file.

57 Marnok the Slasher (level 4, 0/35 HPs)
             Began as a Human Berserker on Dec 1, 2018.
             Was a Follower of Trog.
             Succumbed to an adder's poison
             ... on level 2 of the Dungeon.
             The game lasted 00:08:33 (1514 turns).

Marnok the Slasher (Human Berserker)                Turns: 1514, Time: 00:08:33

Health: 0/35       AC: 11    Str: 24    XL:     4   Next: 18%
Magic:  4/4        EV:  9    Int:  7    God:    Trog [*.....]
Gold:   75         SH:  0    Dex: 12    Spells: 3/3 levels left

rFire    + . .     SeeInvis +   a - +0 falchion
rCold    . . .     Gourm    .   (no shield)
rNeg     . . .     Faith    .   k - +1 chain mail {rF+}
rPois    .         Spirit   .   l - +0 helmet
rElec    .         Reflect  .   (no cloak)
rCorr    .         Harm     .   (no gloves)
MR       .....                  d - +0 pair of boots
Stlth    ..........             (no amulet)
HPRegen  0.11/turn              g - ring of see invisible
MPRegen  0.09/turn              (no ring)

@: mighty, lethally poisoned (0 -> -2), hasted, very quick
A: no striking features
a: Berserk, Renounce Religion


You were on level 2 of the Dungeon.
You worshipped Trog.
Trog was aware of your devotion.
You were not hungry.

You visited 1 branch of the dungeon, and saw 3 of its levels.

You collected 75 gold pieces.

Inventory:

Hand Weapons
 a - a +0 falchion (weapon)
Armour
 b - a +0 animal skin
 d - a +0 pair of boots (worn)
 k - a +1 chain mail of fire resistance (worn)
 l - a +0 helmet (worn)
Jewellery
 g - a ring of see invisible (left hand)
Scrolls
 c - a scroll of remove curse
 h - a scroll of identify
 m - 2 scrolls of amnesia


   Skills:
 + Level 3.5 Fighting
 + Level 3.9 Long Blades
 + Level 2.0 Armour
 + Level 2.3 Dodging
 + Level 1.0 Stealth


You had 3 spell levels left.
You didn't know any spells.
Your spell library was empty.

Dungeon Overview and Level Annotations

Branches:
Dungeon (3/15)

Altars:
Wu Jian
Yredelemnul
The Shining One


Message History

You start putting on your armour.
You continue putting on your pair of boots. x4
* * * LOW HITPOINT WARNING * * *
You feel sick.
You finish putting on your +0 pair of boots.
As you read the scroll labeled ONUUJUTISCH, it crumbles to dust.
You feel blessed for a moment.
It was a scroll of remove curse.
As you read the scroll labeled SOZOEV GUENEHA, it crumbles to dust.
It is a scroll of identify.
m - 2 scrolls of amnesia
As you read the scroll labeled FASUB GAUTIOLOT, it crumbles to dust.
You assume a fearsome visage.
Nothing appears to happen.
It was a scroll of fear.
As you read the scroll labeled XETRU TUSIT, it crumbles to dust.
You hear snatches of song.
It was a scroll of random uselessness.
As you read the scroll labeled AQIUFRUOZI, it crumbles to dust.
The scroll dissolves into smoke.
It was a scroll of fog.
There is a lethal amount of poison in your body!
You die...

....>.
.......#####
...........#
......$...#
............#
..###..§.§§§+
.......§§§§§#
.........§§@#
..........§§§+
.......##..§.§#
....... #...###
.......##...#
............#
............#
............#
............#


There were no monsters in sight!

Vanquished Creatures
  2 adders (D:2)
  4 dart slugs
  A bat (D:1)
  2 giant cockroaches
  3 goblins
  6 hobgoblins (D:1)
  5 jackals
  3 frilled lizards
  A kobold (D:1)
  2 rats (D:1)
29 creatures vanquished.

Notes
Turn   | Place    | Note
-------+----------+-------------------------------------------
     0 | D:1      | Marnok the Human Berserker began the quest for the Orb.
     0 | D:1      | Reached XP level 1. HP: 18/18 MP: 1/1
   416 | D:1      | Reached XP level 2. HP: 24/24 MP: 2/2
   799 | D:1      | Reached XP level 3. HP: 25/29 MP: 3/3
  1124 | D:2      | Found a glowing golden altar of the Shining One.
  1167 | D:2      | Found an ornate altar of the Wu Jian Council.
  1386 | D:2      | Found a basalt altar of Yredelemnul.
  1476 | D:2      | Reached XP level 4. HP: 29/35 MP: 4/4
  1484 | D:2      | Reached skill level 1 in Stealth
  1502 | D:2      | HP: 1/35 [poisoned by an adder]
  1508 | D:2      | HP: 1/35 [poisoned by an adder]
  1514 | D:2      | Succumbed to an adder's poison

Skill      XL: |  1  2  3  4 |
---------------+-------------+-----
Stealth        | 1 |  1.0
Fighting       | |  3.5
Long Blades    | |  3.9
Armour         | |  2.0
Dodging        | |  2.3

Action                   |  1- 3 |  4- 6 || total
-------------------------+-------+-------++-------
Melee: Falchion          |    80 |     8 ||    88
  Use: Scroll            |       |     5 ||     5
       Potion            |       |     2 ||     2
 Stab: Sleeping          |     3 |       ||     3
  Eat: Ration            |     1 |       ||     1
Armor: Animal skin       |    10 |       ||    10
Dodge: Dodged            |    48 |     2 ||    50
       Rpst.: Falchion   |    22 |     1 ||    23
